Match 44360835
Unlisted

Match 44360835
End
Kettenkrad Recon Vehicle
Construct Infanterie Kompanie
Selects Terror Battlegroup
Selects Machine Gun Camouflage
MG 42 Machine Gun Team
MG 42 Machine Gun Team
Grenadier Squad
Pioneer Squad
MG 42 Machine Gun Team
Infanterie Officer Quarters
Construct Luftwaffe Kompanie
Selects Interrogate
Jäger Squad
Medical Bunker
Jäger Squad
Luftwaffe Officer Quarters
Support Elements
Wirbelwind Flakpanzer
Jäger Squad
AudoBell
ArmedToad
xTheMuffinMan
Elegant_Downfall
Tatari◑。
chiuchiu63333
0
0

Comments sign in to comment!

No comments posted yet!